 Dungeon Crawl Stone Soup version 0.18.1-48-g4cf74bf (webtiles) character file.

30 Gargoyl the Skirmisher (level 3, -2/29 HPs)
             Began as a Demonspawn Abyssal Knight on Aug 21, 2016.
             Was a Follower of Lugonu.
             Succumbed to Terence's poison
             ... on level 2 of the Dungeon.
             The game lasted 00:04:46 (979 turns).

Gargoyl the Skirmisher (Demonspawn Abyssal Knight)   Turns: 979, Time: 00:04:46

Health: -2/29      AC:  8    Str: 13    XL:     3   Next: 5%
Magic:  1/5        EV:  6    Int: 13    God:    Lugonu [*.....]
Gold:   66         SH:  0    Dex: 12    Spells: 0 memorised, 2 levels left

rFire  . . .     SeeInvis .     a - +1 hand axe
rCold  . . .     Gourm    .     i - +0 chain mail
rNeg   . . .     Faith    .     (no shield)
rPois  .         Spirit   +     (no helmet)
rElec  .         Dismiss  .     (no cloak)
rCorr  .         Reflect  .     (no gloves)
SustAt .         Harm     .     (no boots)
MR     .....                    (no amulet)
Stlth  ..........               (no ring)
                                (no ring)

@: lethally poisoned (-2 -> -36), not resistant to hostile enchantments,
extremely unstealthy
A: evolution 1, magic shield
a: Depart the Abyss, Renounce Religion


You were on level 2 of the Dungeon.
You worshipped Lugonu.
Lugonu was aware of your devotion.
You were hungry.

You visited 1 branch of the dungeon, and saw 2 of its levels.
You visited the Abyss 1 time.

You collected 66 gold pieces.

Inventory:

Hand Weapons
 a - a +1 hand axe (weapon)
Armour
 i - a +0 chain mail (worn)
Scrolls
 e - a scroll of recharging {unknown}
 f - a scroll of magic mapping {unknown}
 g - a scroll of remove curse {unknown}
 k - a scroll of enchant armour {unknown}
 l - a scroll of amnesia {unknown}
Potions
 d - a potion of curing
 j - a potion of magic
Comestibles
 c - 3 bread rations
 h - a royal jelly


   Skills:
 + Level 3.6 Fighting
 + Level 2.1 Axes
 * Level 2.0 Armour
 + Level 1.1 Dodging
 + Level 2.7 Invocations


You had 2 spell levels left.
You didn't know any spells.

Dungeon Overview and Level Annotations

Branches:
Dungeon (2/15)

Altars:

Annotations:
D:2 Terence


Innate Abilities, Weirdness & Mutations

When hurt, damage is shared between your health and your magic reserves.
You evolve.


Message History

Okay, then.
Your chain mail prevents you from hitting Terence.
Terence is moderately wounded.
* * * LOW HITPOINT WARNING * * *
You feel sick. Terence hits you but does no damage.
You are more poisoned.
You closely miss Terence.
Terence is moderately wounded.
* * * LOW HITPOINT WARNING * * *
You feel sick. Terence hits you but does no damage.
You are more poisoned.
You hit Terence but do no damage.
Terence is moderately wounded.
* * * LOW HITPOINT WARNING * * *
You feel sick.
Terence hits you with a short sword of venom.
You are more poisoned.
Your chain mail prevents you from hitting Terence.
Terence is moderately wounded.
You die...

#.##...#
#....#
#..###
#..# #g.#
#r## #K#
#@# #@#
#.###.#
#.<...#
#...)#####
#....#
#....#
####.. #.#
#.#


You could see Terence, a goblin, a kobold and a rat.

Vanquished Creatures
  A giant gecko (D:1)
  2 giant cockroaches (D:1)
  7 goblins (D:1)
  2 hobgoblins (D:1)
  4 jackals (D:1)
  4 kobolds (D:1)
  3 bats (D:1)
  3 rats (D:1)
26 creatures vanquished.

Notes
Turn   | Place    | Note
--------------------------------------------------------------
     0 | Abyss:1  | Gargoyl the Demonspawn Abyssal Knight began the quest for the Orb.
     0 | Abyss:1  | Reached XP level 1. HP: 18/18 MP: 2/2
    65 | Abyss:1  | Found a corrupted altar of Lugonu.
    90 | Abyss:2  | Noticed a large abomination
   103 | Abyss:2  | Noticed a starcursed mass
   106 | D:1      | Escaped the Abyss
   182 | D:1      | Reached skill level 1 in Dodging
   184 | D:1      | Gained mutation: When hurt, damage is shared between your health and your magic reserves. [demonic ancestry]
   184 | D:1      | Reached XP level 2. HP: 20/24 MP: 3/3
   190 | D:1      | Reached * piety under Lugonu
   891 | D:1      | Reached XP level 3. HP: 29/29 MP: 5/5
   944 | D:2      | Noticed Terence
   960 | D:2      | Gained mutation: Your muscles are strong. (Str +2) [potion of mutation]
   961 | D:2      | Gained mutation: You evolve. [potion of mutation]
   961 | D:2      | Gained mutation: Potions and wands are less effective at restoring your health. [potion of mutation]
   961 | D:2      | Gained mutation: Your flesh is cold resistant. [potion of mutation]
   963 | D:2      | Lost mutation: Your muscles are strong. (Str +2) [potion of cure mutation]
   963 | D:2      | Lost mutation: Your flesh is cold resistant. [potion of cure mutation]
   963 | D:2      | Lost mutation: Potions and wands are less effective at restoring your health. [potion of cure mutation]
   973 | D:2      | HP: 1/29 [Terence/short sword of venom (2)]
   978 | D:2      | HP: 1/29 [poisoned by Terence]
   979 | D:2      | Succumbed to Terence's poison

Skill      XL: |  1  2 |
---------------+-------+-----
Axes           | 2 |  2.1
Dodging        | 1 |  1.1
Armour         | 2 |  2.0
Fighting       | |  3.6
Invocations    | |  2.7

Action                   || total
-------------------------++-------
Melee: Hand axe          ||    91
Invok: Depart the Abyss  ||     1
  Use: Potion            ||     6
Armor: Chain mail        ||    86
Dodge: Dodged            ||    43
